[Event "Titled Tuesday Blitz May 31 Late 2022"]
[White "Sadhwani, Raunak"]
[Black "Maghsoodloo, Parham"]
[WhiteFideId "35093487"]
[BlackFideId "12539929"]
[WhiteElo "2616"]
[BlackElo "2630"]
[Result "1/2-1/2"]
[Round "04"]
[TimeControl "180+1"]
[Date "2022.05.31"]
[WhiteClock "0:00:15"]
[BlackClock "0:00:07"]

1. e4 c5 2. Nf3 d6 3. Bb5+ Nd7 4. Be2 Ngf6 5. Nc3 a6 6. a4 b6 7. d4 cxd4 8. Qxd4 Bb7 9. Bg5 Qc7 10. O-O h6 11. Be3 Rc8 12. Nd2 e5 13. Qd3 Be7 14. Rfd1 Nc5 15. Bxc5 dxc5 16. Nc4 Rd8 17. Qg3 O-O 18. Qxe5 Qxe5 19. Nxe5 Nxe4 20. Nxe4 Bxe4 21. Bd3 Bxd3 22. Nxd3 Bf6 23. c3 Rfe8 24. Kf1 Bg5 25. a5 c4 26. Nb4 bxa5 27. Nxa6 Rxd1+ 28. Rxd1 Re5 29. Nc7 Rc5 30. Rd7 Bc1 31. Ke2 Bxb2 32. Kd2 a4 33. Kc2 a3 34. Nd5 Ra5 35. Nb4 Rh5 36. h3 Rf5 37. Rd2 h5 38. Re2 g5 39. f3 h4 40. Re4 Rc5 41. f4 f6 42. fxg5 fxg5 43. Rd4 Kf7 44. Rd5 Rxd5 45. Nxd5 Ke6 46. Ne3 Ba1 47. Nxc4 a2 48. Kb3 Bxc3 49. Kxa2 Kf5 50. Kb3 Bd4 51. Kc2 Kf4 52. Kd3 Kg3 53. Kxd4 Kxg2 54. Ne3+ Kxh3 55. Ke4 g4 56. Kf4 g3 57. Kf3 Kh2 58. Nf1+ Kh3 59. Ne3 Kh2 60. Nf1+ Kh1 61. Nxg3+ hxg3 62. Kxg3 1/2-1/2


[Site "https://www.chess.com"]

[Event "Titled Tuesday Blitz May 31 Late 2022"]
[White "Shapiro, David"]
[Black "Goncalves, Ivan Mesquita V"]
[WhiteFideId "24133523"]
[BlackFideId "2114224"]
[WhiteElo "2300"]
[BlackElo "2299"]
[Result "0-1"]
[Round "04"]
[TimeControl "180+1"]
[Date "2022.06.01"]
[WhiteClock "0:00:17"]
[BlackClock "0:00:38"]

1. d4 Nf6 2. Nc3 d5 3. Bf4 g6 4. e3 Bg7 5. h4 h5 6. Nf3 Bg4 7. Qd2 c5 8. Ne5 Nc6 9. Bb5 Qb6 10. a4 O-O 11. f3 cxd4 12. exd4 Be6 13. Bxc6 bxc6 14. O-O a5 15. Ne2 c5 16. dxc5 Qxc5+ 17. Be3 Qc7 18. Nd4 Qxe5 19. Bf4 Ne4 20. Bxe5 Nxd2 21. Bxg7 Kxg7 22. Rfe1 Nc4 23. Nxe6+ fxe6 24. Rxe6 Ra7 25. b3 Nd6 26. Rae1 Kf7 27. R6e5 Rc8 28. R1e2 d4 29. Rd5 Rac7 30. Rxd4 Rxc2 31. Rxc2 Rxc2 32. Rd5 Rb2 33. Rxa5 Rxb3 34. Kh2 Nf5 35. Kh3 Ra3 36. Ra8 e5 37. Ra7+ Kf6 38. Ra6+ Kg7 39. Re6 Rxa4 40. Rxe5 Rxh4# 0-1


[Site "https://www.chess.com"]

[Event "Titled Tuesday Blitz May 31 Late 2022"]
[White "Shimanov, Aleksandr"]
[Black "Dubov, Daniil"]
[WhiteFideId "4198603"]
[BlackFideId "24126055"]
[WhiteElo "2605"]
[BlackElo "2791"]
[Result "1-0"]
[Round "04"]
[TimeControl "180+1"]
[Date "2022.05.31"]
[WhiteClock "0:00:22"]
[BlackClock "0:00:03"]

1. e4 e5 2. Nf3 Nc6 3. Nc3 Nf6 4. h3 d5 5. exd5 Nxd5 6. Bb5 Nxc3 7. bxc3 Bd6 8. O-O O-O 9. Re1 Qf6 10. d4 exd4 11. cxd4 h6 12. Bb2 Bf5 13. c4 Rad8 14. Qb3 Na5 15. Qc3 a6 16. c5 Bf4 17. Bf1 Nc6 18. Qb3 Be6 19. d5 Bxd5 20. Bxf6 Bxb3 21. Bxd8 Bd5 22. Bh4 Bxf3 23. gxf3 Nd4 24. Re4 Nxf3+ 25. Kh1 Be5 26. Rd1 f5 27. Re2 g5 28. Bg2 Nxh4 29. Rxe5 c6 30. Rd7 Rf7 31. Re8+ Kg7 32. Ree7 Rxe7 33. Rxe7+ Kf6 34. Rxb7 Ke5 35. Bxc6 Kd4 36. Rb6 Kxc5 37. Rxa6 h5 38. Bb7 g4 39. hxg4 hxg4 40. Bc8 Kd4 41. Rh6 Nf3 42. Bxf5 Ne5 43. Bxg4 Nd3 44. Kg2 Nf4+ 45. Kg3 Nd3 46. Rd6+ 1-0


[Site "https://www.chess.com"]

[Event "Titled Tuesday Blitz May 31 Late 2022"]
[White "Shirov, Alexei"]
[Black "Diaz Rosas, Julio Cesar"]
[WhiteFideId "2209390"]
[BlackFideId "5105099"]
[WhiteElo "2678"]
[BlackElo "2278"]
[Result "1-0"]
[Round "04"]
[TimeControl "180+1"]
[Date "2022.05.31"]
[WhiteClock "0:00:43"]
[BlackClock "0:00:02"]

1. e4 e5 2. Nf3 Nc6 3. Bb5 a6 4. Ba4 Nf6 5. O-O Nxe4 6. d4 b5 7. Bb3 d5 8. dxe5 Be6 9. Be3 Be7 10. Nbd2 O-O 11. c3 f5 12. exf6 Nxf6 13. Ng5 Bg4 14. Ndf3 Qd7 15. h3 Bh5 16. g4 Bg6 17. Nh4 Rad8 18. f4 Na5 19. Nxg6 hxg6 20. Qd3 Qe8 21. Rae1 Nxb3 22. axb3 Ne4 23. Nxe4 dxe4 24. Qxe4 Qf7 25. f5 Bh4 26. fxg6 Qxb3 27. Bc5 Bxe1 28. Bxf8 Rxf8 29. Rxe1 1-0


[Site "https://www.chess.com"]

[Event "Titled Tuesday Blitz May 31 Late 2022"]
[White "Sjugirov, Sanan"]
[Black "Harvey, Marcus R"]
[WhiteFideId "4189302"]
[BlackFideId "400092"]
[WhiteElo "2602"]
[BlackElo "2485"]
[Result "1-0"]
[Round "04"]
[TimeControl "180+1"]
[Date "2022.05.31"]
[WhiteClock "0:00:05"]
[BlackClock "0:00:16"]

1. e4 e6 2. d4 d5 3. e5 c5 4. c3 Qb6 5. Nf3 Nc6 6. a3 c4 7. Nbd2 Na5 8. Be2 Bd7 9. Rb1 Qc7 10. h4 h6 11. h5 Ne7 12. Nf1 Nb3 13. Bf4 Ba4 14. N1d2 Nc5 15. Qc1 Nd3+ 16. Bxd3 cxd3 17. O-O Bb5 18. Qd1 a5 19. Ne1 f5 20. Qf3 g5 21. hxg6 Nxg6 22. Bh2 Rg8 23. Kh1 Qc6 24. Rg1 Qa6 25. Rd1 a4 26. Nf1 d2 27. Ng3 dxe1=Q 28. Rdxe1 O-O-O 29. Nh5 Be7 30. Qe3 Bg5 31. Qh3 Be2 32. Nf6 Bxf6 33. exf6 Qd3 34. Qxd3 Bxd3 35. Rxe6 Rge8 36. Rge1 Rxe6 37. Rxe6 Nf8 38. Re7 Rd7 39. Re8+ Rd8 40. Re7 Rd7 41. Re3 Bb5 42. Re5 Bd3 43. f3 Rf7 44. Rxd5 Rxf6 45. Ra5 b6 46. Ra8+ Kb7 47. Rb8+ Kc6 48. Kg1 Nd7 49. Rd8 Rf7 50. Kf2 f4 51. Rh8 Rf6 52. Re8 Kb5 53. Rc8 Bc4 54. Re8 Bd5 55. Rd8 Bc6 56. d5 Bxd5 57. Rxd7 Kc4 58. Bg1 b5 59. Ke1 Re6+ 60. Kd2 Bc6 61. Rd4+ Kb3 62. Rb4+ Ka2 63. Bc5 Bd5 64. Rxb5 Bc4 65. Rb4 Re2+ 66. Kd1 Ba6 67. Rxa4 Bb5 68. Rb4 Ba6 69. Rxf4 Rxg2 70. b4 Kxa3 71. c4 Kb3 72. b5 Bc8 73. Be3 Kc3 74. c5 Kd3 75. Bd4 Be6 76. Kc1 Bb3 77. Be3 Rc2+ 78. Kb1 Kxe3 79. Rb4 Rxc5 80. Rxb3+ Kf4 81. b6 Rc8 82. b7 Rb8 83. Kc2 h5 84. Kd2 h4 85. Ke2 Kg3 86. Kf1 h3 87. Kg1 h2+ 88. Kh1 Kh3 89. Rb4 Rd8 90. Rb1 Rb8 91. f4 Kg4 92. Rb4 Kf5 93. Kxh2 Ke6 94. Kg3 Kd5 95. Kg4 Kc5 96. Rb1 Kc6 97. f5 Kc7 98. Kg5 Rg8+ 99. Kf4 Kb8 100. f6 Rg1 101. Rxg1 Kxb7 102. f7 1-0


[Site "https://www.chess.com"]

[Event "Titled Tuesday Blitz May 31 Late 2022"]
[White "Souleidis, Georgios"]
[Black "Vasquez Schroeder, Rodrigo"]
[WhiteFideId "4206827"]
[BlackFideId "3400042"]
[WhiteElo "2401"]
[BlackElo "2567"]
[Result "0-1"]
[Round "04"]
[TimeControl "180+1"]
[Date "2022.05.31"]
[WhiteClock "0:00:07"]
[BlackClock "0:01:15"]

1. e4 c5 2. Be2 Nf6 3. d3 Nc6 4. f4 d6 5. Nf3 g6 6. O-O Bg7 7. c3 O-O 8. Kh1 b6 9. Be3 Bb7 10. Nbd2 Rc8 11. a3 e6 12. d4 cxd4 13. cxd4 Ne7 14. Bd3 d5 15. e5 Ne4 16. Qe2 Nf5 17. Bf2 Nxf2+ 18. Qxf2 h5 19. Rac1 Rxc1 20. Rxc1 Qd7 21. Qe1 Rc8 22. Qd1 Ne3 23. Qe1 Ng4 24. Kg1 Bf8 25. h3 Nh6 26. Nf1 Be7 27. Ne3 Rc7 28. Rc3 Rxc3 29. Qxc3 h4 30. Kf2 Bc6 31. Qb3 Ba4 32. Qc3 Kg7 33. Ng4 Nf5 34. Ne3 Ng3 35. Nd2 Bb5 36. Nef1 Nh5 37. Ne3 Nxf4 38. Bxb5 Qxb5 39. Kf3 Qe2+ 40. Kxf4 g5# 0-1


[Site "https://www.chess.com"]

[Event "Titled Tuesday Blitz May 31 Late 2022"]
[White "Swiercz, Dariusz"]
[Black "Vajda, Levente"]
[WhiteFideId "1126881"]
[BlackFideId "1203975"]
[WhiteElo "2627"]
[BlackElo "2573"]
[Result "0-1"]
[Round "04"]
[TimeControl "180+1"]
[Date "2022.05.31"]
[WhiteClock "0:00:06"]
[BlackClock "0:00:13"]

1. d4 Nf6 2. c4 e6 3. Nc3 d5 4. Nf3 Be7 5. Bg5 O-O 6. e3 h6 7. Bxf6 Bxf6 8. Rc1 c6 9. Bd3 Nd7 10. O-O a6 11. Qe2 dxc4 12. Bxc4 b5 13. Bd3 Bb7 14. Ne4 Be7 15. Bb1 Qb6 16. h4 f5 17. Nc3 c5 18. Rfd1 Nf6 19. Ne5 Rfd8 20. Ng6 Bd6 21. a3 b4 22. axb4 cxb4 23. Na4 Qb5 24. Qxb5 axb5 25. Nc5 Bd5 26. Bd3 Ra2 27. b3 Rb8 28. Nf4 Ra3 29. Nxd5 Nxd5 30. Nxe6 Nc3 31. Re1 Rxb3 32. Bxf5 Rb2 33. Nc5 Ne2+ 34. Rxe2 Rxe2 35. Rb1 Kh8 36. Bg4 Rc2 37. Na6 Rf8 38. Bf3 Rfc8 39. Nc5 Bxc5 40. dxc5 R8xc5 41. Rxb4 R2c4 42. Rb3 Rxh4 43. g3 Ra4 44. Kg2 Ra2 45. Be4 g5 46. Bd3 Ra5 47. Rb4 Kg7 48. Bf1 Kf6 49. Kf3 Ke5 50. Bd3 h5 51. Kg2 g4 52. Rf4 Kd6 53. Rf6+ Kc7 54. Rf7+ Kb6 55. Rf8 Rc7 56. Be4 b4 57. Rb8+ Kc5 58. Rh8 Kc4 59. Rd8 Kc3 60. Rd3+ Kb2 61. Bd5 Rc3 62. Rd2+ Kc1 63. Rd4 b3 64. Be4 b2 65. Rb4 Ra1 66. Bg6 b1=Q 67. Bxb1 Rxb1 68. Rd4 Rcb3 69. Rd5 Rb5 70. Rd4 Kc2 71. Rc4+ Kd3 72. Rd4+ Ke2 73. Rd8 R1b2 74. e4 Ke1 75. Rf8 Re5 76. Rf4 Re2 77. Kg1 R2xe4 78. Rf8 Re2 79. Rf7 Rd5 80. Kg2 Kd1 81. Kg1 Kc1 82. Kg2 Kb1 83. Kg1 Rd1+ 84. Kg2 Ree1 85. Rb7+ Kc2 86. Rc7+ Kb3 87. Rb7+ Kc4 88. Rc7+ Kb5 89. f4 Rd2# 0-1


[Site "https://www.chess.com"]

[Event "Titled Tuesday Blitz May 31 Late 2022"]
[White "Taichman, Ori"]
[Black "Murzin, Volodar"]
[WhiteFideId "2804069"]
[BlackFideId "44155573"]
[WhiteElo "2227"]
[BlackElo "2585"]
[Result "1-0"]
[Round "04"]
[TimeControl "180+1"]
[Date "2022.05.31"]
[WhiteClock "0:00:58"]
[BlackClock "0:01:09"]

1. e4 c6 2. d4 d5 3. e5 Bf5 4. h4 h5 5. Bd3 Bxd3 6. Qxd3 Qa5+ 7. Bd2 Qa6 8. e6 Qxd3 9. exf7+ Kxf7 10. cxd3 Nh6 11. Nf3 Nf5 12. Ne5+ Kg8 13. Be3 e6 14. Nd2 Bd6 15. Ndf3 Na6 16. Kd2 Nc7 17. a4 Ne8 18. Ng6 Rh7 19. Nfe5 Nf6 20. Rh3 Ng4 21. Rf1 Bxe5 22. dxe5 Kf7 23. Nf4 d4 24. Ke2 dxe3 25. fxe3 Nxe5 26. e4 Nd4+ 27. Ke3 c5 28. Nd5+ Kg8 29. Ne7+ Kh8 30. Rg3 g5 31. Rxg5 Ng4+ 32. Kf4 Rf8+ 33. Kg3 Rxf1 34. Rg8# 1-0


[Site "https://www.chess.com"]

[Event "Titled Tuesday Blitz May 31 Late 2022"]
[White "Tanenbaum, Zachary"]
[Black "Wachinger, Guenther"]
[WhiteFideId "2060850"]
[BlackFideId "4604261"]
[WhiteElo "2168"]
[BlackElo "2212"]
[Result "1-0"]
[Round "04"]
[TimeControl "180+1"]
[Date "2022.06.01"]
[WhiteClock "0:00:02"]
[BlackClock "0:00:01"]

1. e4 c5 2. Nf3 d6 3. d4 cxd4 4. Nxd4 Nf6 5. Nc3 g6 6. Be3 Bg7 7. f3 O-O 8. Qd2 Nc6 9. g4 e6 10. O-O-O d5 11. g5 Nh5 12. exd5 exd5 13. Nb3 d4 14. Nxd4 Nxd4 15. Bxd4 Bxd4 16. Qxd4 Qxg5+ 17. Kb1 Be6 18. Ne4 Qh4 19. Bd3 Rfd8 20. Qe3 Rac8 21. Rhe1 Rd5 22. Qxa7 Nf4 23. Qf2 Qd8 24. Qe3 Ng2 25. Qh6 Rh5 26. Qd2 Nxe1 27. Rxe1 Ra8 28. a3 Bf5 29. Qc3 Bxe4 30. Bxe4 Qc8 31. Qb3 Rb8 32. Bd5 Rf5 33. Re7 Qc5 34. Bxf7+ Kf8 35. Rd7 Qg1+ 36. Ka2 Rc8 37. Bc4 Qc5 38. Bd3 Qc6 39. Bxf5 gxf5 40. Rxh7 1-0


[Site "https://www.chess.com"]

[Event "Titled Tuesday Blitz May 31 Late 2022"]
[White "Tatarinov, Dmitry"]
[Black "Przybylski, Wojciech"]
[WhiteFideId "24160067"]
[BlackFideId "1117599"]
[WhiteElo "2302"]
[BlackElo "2133"]
[Result "1-0"]
[Round "04"]
[TimeControl "180+1"]
[Date "2022.06.01"]
[WhiteClock "0:01:32"]
[BlackClock "0:00:07"]

1. d4 Nf6 2. c4 c6 3. Nf3 d5 4. e3 Bf5 5. Nc3 e6 6. Nh4 Be4 7. Qb3 Qc7 8. Nxe4 dxe4 9. g3 Nbd7 10. f4 a5 11. Be2 h5 12. Bd2 a4 13. Qc2 a3 14. b4 Bd6 15. O-O Nf8 16. c5 Be7 17. Rab1 Ng6 18. Nxg6 fxg6 19. h4 O-O 20. Bc4 Qd7 21. b5 Kh7 22. bxc6 bxc6 23. Rb3 Rfb8 24. Rfb1 Rxb3 25. Rxb3 Bd8 26. Kg2 Ra4 27. Rb4 Rxb4 28. Bxb4 Nd5 29. Bd2 Ba5 30. Bxd5 Bxd2 31. Bxe4 Bxe3 32. Bxg6+ Kh6 33. Be4 Qxd4 34. Kh3 Qxc5 35. Qb3 Qd6 36. Qxe3 c5 37. Bd3 g6 38. Bc4 e5 39. Qxe5 Qd7+ 40. Be6 Qd8 41. Qg5+ Qxg5 42. hxg5+ Kg7 43. g4 hxg4+ 44. Kxg4 Kf8 45. f5 gxf5+ 46. Kxf5 Ke7 47. Bc4 Kf8 48. Kf6 Ke8 49. g6 Kd7 50. g7 Kc6 51. g8=Q Kb6 52. Qe6+ Ka5 53. Qa6+ Kb4 54. Qb5+ Kc3 55. Qb3+ Kd4 56. Qd3# 1-0


[Site "https://www.chess.com"]

[Event "Titled Tuesday Blitz May 31 Late 2022"]
[White "Terry, Renato"]
[Black "Eljanov, Pavel"]
[WhiteFideId "3803457"]
[BlackFideId "14102951"]
[WhiteElo "2577"]
[BlackElo "2601"]
[Result "1-0"]
[Round "04"]
[TimeControl "180+1"]
[Date "2022.05.31"]
[WhiteClock "0:01:18"]
[BlackClock "0:01:39"]

1. d4 Nf6 2. Bg5 d5 3. Bxf6 exf6 4. e3 Bd6 5. c4 dxc4 6. Nd2 b5 7. a4 c6 8. axb5 cxb5 9. Qf3 Qc7 10. Qxa8 Nc6 11. d5 Na5 12. Rxa5 Qxa5 13. Qxc8+ Ke7 14. Qxh8 Qa1+ 15. Ke2 Qxb2 16. Nf3 c3 17. g3 cxd2 18. Nxd2 Bb4 19. d6+ Kd7 20. Bh3+ 1-0


[Site "https://www.chess.com"]

[Event "Titled Tuesday Blitz May 31 Late 2022"]
[White "Tristan, Leonardo"]
[Black "Sargsyan, Anna M."]
[WhiteFideId "113816"]
[BlackFideId "13308130"]
[WhiteElo "2404"]
[BlackElo "2271"]
[Result "0-1"]
[Round "04"]
[TimeControl "180+1"]
[Date "2022.05.31"]
[WhiteClock "0:00:03"]
[BlackClock "0:00:28"]

1. d4 d5 2. Nf3 Nf6 3. Bf4 c5 4. e3 Nc6 5. Nbd2 Bg4 6. c3 e6 7. Qb3 Qc8 8. Nh4 c4 9. Qc2 Nd7 10. h3 Bh5 11. g4 Be7 12. gxh5 Bxh4 13. Rg1 Bf6 14. e4 g6 15. e5 Be7 16. Nf3 b5 17. Qd2 b4 18. Bg5 Bf8 19. Qf4 Qc7 20. Bf6 Rg8 21. Ng5 Nxf6 22. Qxf6 Bg7 23. Qf4 h6 24. Nh7 g5 25. Nf6+ Bxf6 26. Qxf6 bxc3 27. bxc3 Qa5 28. Rg3 Nxd4 29. Rd1 Nf5 30. Rf3 Rb8 31. Be2 Rb2 32. Rxf5 Qxc3+ 33. Kf1 Qxh3+ 34. Kg1 Qxf5 35. Qxf5 exf5 36. Bf3 c3 37. Kg2 c2 38. Rc1 d4 39. Be2 Ke7 40. Bd3 Rc8 41. Bxf5 Rc3 42. Kf1 d3 43. Ke1 Rb1 44. Kd2 Rxc1 45. Kxc1 d2+ 46. Kxd2 c1=Q+ 47. Ke2 Qb2+ 48. Kf1 Rf3 49. Ke1 Qxf2+ 50. Kd1 Qg1+ 51. Ke2 Qg2+ 52. Ke1 Rf1# 0-1


[Site "https://www.chess.com"]

[Event "Titled Tuesday Blitz May 31 Late 2022"]
[White "Xiong, Jeffery"]
[Black "Shuvalova, Polina"]
[WhiteFideId "2047640"]
[BlackFideId "24171760"]
[WhiteElo "2727"]
[BlackElo "2355"]
[Result "1-0"]
[Round "04"]
[TimeControl "180+1"]
[Date "2022.05.31"]
[WhiteClock "0:00:54"]
[BlackClock "0:00:07"]

1. e4 c6 2. d4 d5 3. f3 g6 4. Nc3 Bg7 5. Be3 Qb6 6. exd5 Qxb2 7. Nge2 Nf6 8. Rb1 Qa3 9. Rb3 Qa5 10. dxc6 Nxc6 11. h4 O-O 12. h5 Rd8 13. hxg6 hxg6 14. Qd2 e5 15. Bh6 Bh8 16. Rb5 Qc7 17. Bg5 Bg7 18. Bxf6 Bxf6 19. Ne4 Bg7 20. d5 a6 21. Rc5 Qb6 22. Qg5 Nd4 23. Nxd4 exd4 24. d6 Rxd6 25. Nxd6 Qxd6 26. Rd5 Qb4+ 27. Kf2 Be6 28. Rd8+ Rxd8 29. Qxd8+ Bf8 30. Qg5 Bc5 31. Bd3 Bf8 32. Bxg6 Qc5 33. Bh7+ Kh8 34. Qg8# 1-0


[Site "https://www.chess.com"]

[Event "Titled Tuesday Blitz May 31 Late 2022"]
[White "Zeynalli, Rashad"]
[Black "Darini, Pouria"]
[WhiteFideId "13403320"]
[BlackFideId "12502200"]
[WhiteElo "2125"]
[BlackElo "2483"]
[Result "0-1"]
[Round "04"]
[TimeControl "180+1"]
[Date "2022.05.31"]
[WhiteClock "0:01:13"]
[BlackClock "0:00:34"]

1. d4 d5 2. Bf4 c5 3. e3 Nc6 4. c3 Qb6 5. Qb3 c4 6. Qc2 Nf6 7. Nd2 g6 8. e4 Nxe4 9. Nxe4 dxe4 10. Bxc4 Bf5 11. Qb3 Qxb3 12. axb3 Bg7 13. Ne2 e5 14. dxe5 Nxe5 15. Bb5+ Bd7 16. Bxd7+ Kxd7 17. Bxe5 Bxe5 18. O-O-O+ Kc7 19. Rd5 Rhe8 20. Rhd1 Re7 21. Rc5+ Kb6 22. b4 Rae8 23. Kc2 a6 24. Nc1 e3 25. fxe3 Bxh2 26. Rh1 Bd6 27. Rd5 Kc6 28. Rd3 h5 29. Rhd1 Bc7 30. Kd2 Bb6 31. Re1 f5 32. c4 Re4 33. c5 Bc7 34. Rd4 Rxd4+ 35. exd4 Bf4+ 36. Kd1 Rxe1+ 37. Kxe1 Bxc1 0-1


[Site "https://www.chess.com"]

[Event "Titled Tuesday Blitz May 31 Late 2022"]
[White "Zhigalko, Sergei"]
[Black "Riehle, Marco"]
[WhiteFideId "13502956"]
[BlackFideId "12904392"]
[WhiteElo "2662"]
[BlackElo "2462"]
[Result "1/2-1/2"]
[Round "04"]
[TimeControl "180+1"]
[Date "2022.05.31"]
[WhiteClock "0:00:02"]
[BlackClock "0:01:00"]

1. e4 e5 2. Nf3 Nf6 3. Nxe5 Nxe4 4. Qe2 Qe7 5. Qxe4 d6 6. d4 dxe5 7. dxe5 Nc6 8. Nc3 Qxe5 9. Qxe5+ Nxe5 10. Bf4 f6 11. O-O-O Bd7 12. Nb5 O-O-O 13. Nxa7+ Kb8 14. Nb5 Bc5 15. Bg3 g5 16. Nc3 Bc6 17. Rxd8+ Rxd8 18. h4 g4 19. Rg1 h5 20. Bb5 Ng6 21. Bxc6 bxc6 22. Ne4 Be7 23. f4 Rd4 24. f5 Nxh4 25. Bxh4 Rxe4 26. Re1 Rxe1+ 27. Bxe1 Kc8 28. Kd2 Kd7 29. Kd3 Kd6 30. Ke4 c5 31. c4 Kc6 32. b3 Bd6 33. Bc3 Be7 34. Bb2 Bd8 35. Bc1 Be7 36. Bf4 Bd8 37. Ke3 Be7 38. Kf2 h4 39. Ke3 Bf8 40. Ke4 Kb6 41. Bh2 Be7 42. Bf4 Bf8 43. Ke3 Kc6 44. Kd3 Kb6 45. Ke4 Kc6 46. Bh2 Kb6 47. Bg1 Bd6 48. Be3 Kc6 49. Bd2 Be5 50. Be1 h3 51. gxh3 gxh3 52. Kf3 Kb6 53. Bf2 Kc6 54. Be3 Bd6 55. Bf2 Be5 56. Be3 Kd6 57. Bf2 Kc6 1/2-1/2


[Site "https://www.chess.com"]

[Event "Titled Tuesday Blitz May 31 Late 2022"]
[White "Abarca Gonzalez, Nicolas"]
[Black "Jeet, Jain"]
[WhiteFideId "3409422"]
[BlackFideId "5073022"]
[WhiteElo "2504"]
[BlackElo "2028"]
[Result "1-0"]
[Round "05"]
[TimeControl "180+1"]
[Date "2022.05.31"]
[WhiteClock "0:01:37"]
[BlackClock "0:01:05"]

1. e4 c5 2. Nf3 g6 3. h4 h5 4. Bc4 Bg7 5. Nc3 Nc6 6. a3 e6 7. d3 Nge7 8. Ba2 d5 9. Ng5 O-O 10. g4 hxg4 11. h5 Nd4 12. Qxg4 e5 13. Qh4 Re8 14. Nxd5 Nxd5 15. hxg6 fxg6 16. Bxd5+ Kf8 17. Nh7# 1-0


[Site "https://www.chess.com"]

[Event "Titled Tuesday Blitz May 31 Late 2022"]
[White "Ambartsumova, Karina"]
[Black "Deviprasath, Sharvesh"]
[WhiteFideId "4166299"]
[BlackFideId "30938228"]
[WhiteElo "2262"]
[BlackElo "2102"]
[Result "0-1"]
[Round "05"]
[TimeControl "180+1"]
[Date "2022.06.01"]
[WhiteClock "0:00:10"]
[BlackClock "0:00:11"]

1. e4 c5 2. Nf3 Nc6 3. d4 cxd4 4. Nxd4 Nf6 5. Nc3 d6 6. g3 g6 7. Bg2 Bg7 8. Nxc6 bxc6 9. e5 dxe5 10. Qxd8+ Kxd8 11. Bxc6 Rb8 12. O-O Kc7 13. Bg2 Bf5 14. b3 e4 15. Bf4+ Kb7 16. Bxb8 Rxb8 17. Rae1 Kb6 18. Nxe4 Bxe4 19. Bxe4 e6 20. c4 Kc5 21. Bc2 Ne8 22. Rd1 Nd6 23. Kg2 Bd4 24. f4 f6 25. Rde1 Re8 26. Re2 e5 27. fxe5 fxe5 28. Be4 a5 29. h4 a4 30. h5 gxh5 31. Bxh7 a3 32. Be4 Rg8 33. Rh1 Rg5 34. Bf3 Nf5 35. Rh3 h4 36. g4 Ne3+ 37. Kh1 Nxg4 38. Bxg4 Rxg4 39. Rf3 Rg1+ 40. Kh2 Rb1 41. Rd3 Kb4 42. Rc2 Rb2 43. Rdd2 Kc5 44. Kh3 e4 45. Kxh4 e3 46. Re2 Kd6 47. Rxb2 axb2 48. Re1 Bc3 49. Rb1 e2 50. Kg4 e1=Q 51. Rxe1 Bxe1 52. Kf3 b1=Q 53. Ke2 Qxa2+ 54. Ke3 Qxb3+ 55. Kd4 Kc6 56. c5 Qb4+ 0-1


[Site "https://www.chess.com"]

[Event "Titled Tuesday Blitz May 31 Late 2022"]
[White "Andreikin, Dmitry"]
[Black "Ivic, Velimir"]
[WhiteFideId "4158814"]
[BlackFideId "950122"]
[WhiteElo "2736"]
[BlackElo "2610"]
[Result "1-0"]
[Round "05"]
[TimeControl "180+1"]
[Date "2022.05.31"]
[WhiteClock "0:00:05"]
[BlackClock "0:00:26"]

1. d4 Nf6 2. c4 g6 3. Nc3 d5 4. cxd5 Nxd5 5. e4 Nxc3 6. bxc3 Bg7 7. Be3 c5 8. Qd2 O-O 9. Nf3 Qa5 10. Rb1 b6 11. h4 Ba6 12. h5 Bxf1 13. Kxf1 cxd4 14. Bxd4 e5 15. Be3 Nc6 16. hxg6 fxg6 17. Qd7 Qxa2 18. Re1 Qc4+ 19. Kg1 Rad8 20. Qg4 Rd6 21. Rh3 b5 22. Kh2 a5 23. Rh1 h5 24. Qh4 a4 25. g4 Qxe4 26. gxh5 Qxh4 27. Nxh4 gxh5 28. Bc5 Rd2 29. Bxf8 Rxf2+ 30. Ng2 Bxf8 31. Kg3 Rc2 32. Rxh5 Rxc3+ 33. Kg4 a3 34. Rh8+ Kf7 35. Rf1+ Ke6 36. Rhxf8 a2 37. Ra8 Nb4 38. Rd1 Rb3 39. Re8+ Kf7 40. Rxe5 Rb1 41. Rd7+ Kf6 42. Rde7 1-0


[Site "https://www.chess.com"]

[Event "Titled Tuesday Blitz May 31 Late 2022"]
[White "Bluebaum, Matthias"]
[Black "Bortnyk, Olexandr"]
[WhiteFideId "24651516"]
[BlackFideId "14120828"]
[WhiteElo "2556"]
[BlackElo "2723"]
[Result "1-0"]
[Round "05"]
[TimeControl "180+1"]
[Date "2022.05.31"]
[WhiteClock "0:00:13"]
[BlackClock "0:00:01"]

1. d4 d6 2. Nf3 Nf6 3. c4 g6 4. Nc3 Bf5 5. d5 c5 6. Ng5 Bg7 7. e4 Bd7 8. h3 O-O 9. Bd3 Na6 10. O-O Nc7 11. a4 a6 12. Nf3 b5 13. e5 Nfe8 14. Bf4 bxc4 15. Bxc4 Rb8 16. b3 dxe5 17. Nxe5 Nd6 18. Qe2 Rb4 19. Rfe1 Nxc4 20. bxc4 Ne8 21. Ne4 Qc8 22. Nxd7 Qxd7 23. Rac1 Bd4 24. Be3 Qa7 25. a5 Nd6 26. Bxd4 cxd4 27. c5 Nb5 28. Qd2 Rb3 29. d6 exd6 30. cxd6 Kg7 31. Qf4 d3 32. Qf6+ Kg8 33. Qe5 f5 34. Ng5 d2 35. Qd5+ Kg7 36. Qxd2 Kh6 37. Re7 Qd4 38. Rxh7# 1-0


[Site "https://www.chess.com"]

[Event "Titled Tuesday Blitz May 31 Late 2022"]
[White "Chigaev, Maksim"]
[Black "Maksimenko, Viktor"]
[WhiteFideId "4108116"]
[BlackFideId "13710478"]
[WhiteElo "2457"]
[BlackElo "2269"]
[Result "1-0"]
[Round "05"]
[TimeControl "180+1"]
[Date "2022.06.01"]
[WhiteClock "0:00:13"]
[BlackClock "0:00:09"]

1. Nf3 d5 2. e3 c6 3. c4 Nf6 4. Nc3 g6 5. h3 Bg7 6. Be2 O-O 7. O-O Re8 8. d4 e6 9. a4 a5 10. b3 b6 11. Ba3 Bb7 12. Rc1 Nbd7 13. Qc2 Rc8 14. Rfd1 Nb8 15. Qb2 Na6 16. cxd5 exd5 17. b4 axb4 18. Bxb4 Nxb4 19. Qxb4 Ba8 20. Ba6 c5 21. Qb3 Rb8 22. Bb5 Re7 23. Qa3 Rc7 24. Ne5 c4 25. f4 Bf8 26. Qb2 Qd6 27. Rb1 Qa3 28. Qxa3 Bxa3 29. g4 h6 30. h4 Bd6 31. g5 hxg5 32. hxg5 Nh5 33. Kf2 Ng7 34. Ng4 Be7 35. Nh6+ Kf8 36. Rh1 Rd8 37. Ke2 Nh5 38. Kd2 Kg7 39. Kc2 Ng3 40. Rh3 Nh5 41. Rbh1 Rh8 42. Ng4 Bb7 43. Ne5 Bb4 44. Bd7 Bxc3 45. Kxc3 Bc8 46. Bxc8 Rcxc8 47. f5 Ra8 48. f6+ Kh7 49. Nxf7 Rhc8 50. Ne5 Rxa4 51. Rxh5+ gxh5 52. Rxh5+ Kg8 53. g6 b5 54. g7 b4+ 55. Kd2 c3+ 56. Kd3 1-0


[Site "https://www.chess.com"]

[Event "Titled Tuesday Blitz May 31 Late 2022"]
[White "Christiansen, Johan-Sebastian"]
[Black "Jones, Gawain C B"]
[WhiteFideId "1512668"]
[BlackFideId "409561"]
[WhiteElo "2513"]
[BlackElo "2657"]
[Result "1-0"]
[Round "05"]
[TimeControl "180+1"]
[Date "2022.05.31"]
[WhiteClock "0:00:18"]
[BlackClock "0:00:03"]

1. e4 e5 2. Nf3 Nc6 3. Nc3 Nf6 4. a3 d5 5. Bb5 d4 6. Ne2 Bd6 7. c3 dxc3 8. d4 Nxe4 9. d5 Bc5 10. O-O a6 11. Ba4 b5 12. Bc2 Nxf2 13. Rxf2 cxb2 14. Bxb2 Ne7 15. Bxe5 Bxf2+ 16. Kxf2 Qxd5 17. Qxd5 Nxd5 18. Bxg7 Rg8 19. Bd4 Be6 20. Bxh7 Rf8 21. Bg7 c5 22. Rc1 Rc8 23. Bxf8 Kxf8 24. Be4 Rc7 25. h4 Nf6 26. Bb1 a5 27. Nf4 Bb3 28. Nd4 a4 29. Nxb5 Rd7 30. Rxc5 Rd1 31. Bf5 Rd2+ 32. Kg3 Ra2 33. h5 Kg7 34. Rc6 Rb2 35. h6+ Kxh6 36. Rxf6+ Kg5 37. Rb6 Kxf5 38. Nd6+ Kg5 39. Nxf7+ Kf5 40. Nd6+ Kg5 41. Ne4+ Kf5 42. Nc5 Ra2 43. Nxb3 Rxa3 44. Rb5+ Ke4 45. Kg4 axb3 46. g3 Kd4 47. Kf5 Kc4 48. Rb7 Ra5+ 49. Ke4 Kc3 50. Nd5+ Kc2 51. Ne3+ Kc3 52. Nd5+ Kc2 53. g4 b2 54. Ne3+ Kc3 55. Nd1+ Kc2 56. Nxb2 Kc3 57. Nd1+ Kd2 58. Ne3 Ra4+ 59. Kf3 Ra3 60. Rd7+ Kc3 61. g5 Ra5 62. Kf4 Ra4+ 63. Kf5 Ra5+ 64. Rd5 Ra1 65. Re5 Kd4 66. Nc2+ 1-0


[Site "https://www.chess.com"]